[ AOE2 MATCH · #508108592 ]
UnrankedTeutons vs Portuguese
Player's team · WIN
Rival team · LOSS
[ REPLAY ANALYSIS · EXTRACTED FROM THE RECORDED GAME ]
Feudal
8:49
Castle
—
Imperial
—
| APM avg | 31.2 |
| APM peak | 77 |
| eAPM avg | 11.8 |
| Villagers / military | 47 / 11 |
Focus
⚔️ 28.5% · 🌾 71.5%
Scout Cavalry ×10 · Militia ×1
Feudal
10:50
Castle
25:20
Imperial
—
| APM avg | 42.8 |
| APM peak | 80 |
| eAPM avg | 17.7 |
| Villagers / military | 101 / 8 |
Focus
⚔️ 23.6% · 🌾 76.4%
Fishing Ship ×12 · Spearman ×6 · Mangonel ×2
Match map
Initial resources + every placement click. Lines = walls · curves = elevation contours. ◆ gold · ⬟ stone · ● berries · ✦ relic · ◌ wall gap
Your base· Open — unwalled flank
Tlaloke626's base· Open — unwalled flank
Smoothed initial terrain · ◌ = detected wall gap · hover for details
Inputs per minute
— Mašinec - - Tlaloke626
Build order — Mašinec
114 actions detected in the replay
| 0:00 | Queue | Villager (Male) |
| 0:02 | Build | House |
| 0:03 | Build | House |
| 0:12 | Queue | Villager (Male) |
| 0:12 | Queue | Villager (Male) |
| 0:23 | Queue | Villager (Male) |
| 1:28 | Queue | Villager (Male) |
| 1:52 | Build | Lumber Camp |
| 2:03 | Queue | Villager (Male) |
| 2:17 | Queue | Villager (Male) |
| 2:52 | Queue | Villager (Male) |
| 3:14 | Queue | Villager (Male) |
| 3:40 | Build | House |
| 3:51 | Queue | Villager (Male) |
| 4:21 | Queue | Villager (Male) |
| 4:26 | Build | Mill |
| 4:42 | Queue | Villager (Male) |
| 5:04 | Queue | Villager (Male) |
| 5:41 | Queue | Villager (Male) |
| 6:07 | Research | Loom |
| 6:39 | Research | Feudal Age |
| 7:48 | Build | Mining Camp |
| 8:20 | Queue | Villager (Male) |
| 8:44 | Queue | Villager (Male) |
| 8:49 | Age | Feudal Age |
| 8:54 | Build | Watch Tower |
| 9:20 | Build | House |
| 9:28 | Queue | Villager (Male) |
| 9:47 | Build | Watch Tower |
| 9:57 | Queue | Villager (Male) |
| 10:12 | Queue | Villager (Male) |
| 10:29 | Build | Mining Camp |
| 10:36 | Queue | Villager (Male) |
| 11:23 | Build | Watch Tower |
| 12:19 | Queue | Villager (Male) |
| 12:20 | Queue | Villager (Male) |
| 12:40 | Build | House |
| 13:46 | Queue | Villager (Male) |
| 13:46 | Queue | Villager (Male) |
| 14:49 | Queue | Villager (Male) |
| 14:50 | Queue | Villager (Male) |
| 15:28 | Build | Blacksmith |
| 16:18 | Build | Watch Tower |
| 16:48 | Queue | Villager (Male) |
| 16:48 | Queue | Villager (Male) |
| 17:20 | Queue | Villager (Male) |
| 17:24 | Research | Fletching |
| 18:04 | Build | Watch Tower |
| 18:08 | Queue | Villager (Male) |
| 18:19 | Build | House |
| 19:03 | Build | Watch Tower |
| 19:12 | Queue | Villager (Male) |
| 19:17 | Build | Farm |
| 19:18 | Build | Farm |
| 19:18 | Build | Farm |
| 19:18 | Build | Farm |
| 19:19 | Build | Farm |
| 19:42 | Queue | Villager (Male) |
| 19:56 | Build | Watch Tower |
| 20:53 | Build | Watch Tower |
| 21:02 | Queue | Villager (Male) |
| 21:05 | Queue | Villager (Male) |
| 21:08 | Queue | Villager (Male) |
| 21:58 | Queue | Villager (Male) |
| 22:10 | Build | Watch Tower |
| 22:15 | Queue | Villager (Male) |
| 22:24 | Build | House |
| 22:55 | Queue | Villager (Male) |
| 23:00 | Build | Barracks |
| 23:08 | Build | Farm |
| 23:09 | Build | Farm |
| 23:09 | Build | Farm |
| 23:09 | Build | Farm |
| 23:20 | Queue | Villager (Male) |
| 23:37 | Build | House |
| 23:41 | Research | Double-Bit Axe |
| 23:43 | Research | Horse Collar |
| 24:12 | Build | Watch Tower |
| 24:17 | Queue | Villager (Male) |
| 24:17 | Queue | Villager (Male) |
| 24:22 | Build | Farm |
| 24:22 | Build | Farm |
| 24:22 | Build | Farm |
| 24:23 | Build | Farm |
| 24:37 | Build | Mining Camp |
| 25:01 | Build | Stable |
| 25:15 | Queue | Villager (Male) |
| 25:21 | Build | House |
| 25:34 | Queue | Scout Cavalry |
| 25:34 | Queue | Scout Cavalry |
| 25:35 | Queue | Scout Cavalry |
| 25:35 | Queue | Scout Cavalry |
| 25:36 | Queue | Scout Cavalry |
| 25:36 | Queue | Scout Cavalry |
| 25:55 | Queue | Villager (Male) |
| 25:55 | Queue | Villager (Male) |
| 26:21 | Build | Farm |
| 26:21 | Build | Farm |
| 26:46 | Build | Watch Tower |
| 26:52 | Build | House |
| 26:55 | Build | Palisade Wall |
| 27:13 | Build | Watch Tower |
| 27:44 | Build | Watch Tower |
| 28:12 | Queue | Villager (Male) |
| 28:14 | Queue | Villager (Male) |
| 28:51 | Build | Mining Camp |
| 29:13 | Queue | Villager (Male) |
| 30:36 | Build | Barracks |
| 30:54 | Research | Castle Age |
| 31:05 | Queue | Scout Cavalry |
| 31:05 | Queue | Scout Cavalry |
| 31:06 | Queue | Scout Cavalry |
| 31:06 | Queue | Scout Cavalry |
| 32:07 | Queue | Militia |
Build order — Tlaloke626
First 150 of 186 actions detected
| 0:00 | Queue | Villager (Male) |
| 0:01 | Queue | Villager (Male) |
| 0:01 | Queue | Villager (Male) |
| 0:02 | Build | House |
| 0:06 | Build | House |
| 0:14 | Queue | Villager (Male) |
| 0:14 | Queue | Villager (Male) |
| 1:31 | Queue | Villager (Male) |
| 1:32 | Queue | Villager (Male) |
| 1:38 | Build | Lumber Camp |
| 1:57 | Queue | Villager (Male) |
| 1:57 | Queue | Villager (Male) |
| 2:28 | Queue | Villager (Male) |
| 2:28 | Queue | Villager (Male) |
| 2:52 | Build | House |
| 3:08 | Queue | Villager (Male) |
| 3:09 | Queue | Villager (Male) |
| 3:18 | Queue | Villager (Male) |
| 3:57 | Queue | Villager (Male) |
| 3:57 | Queue | Villager (Male) |
| 4:18 | Queue | Villager (Male) |
| 4:18 | Queue | Villager (Male) |
| 4:24 | Build | Dock |
| 4:48 | Queue | Villager (Male) |
| 4:49 | Queue | Villager (Male) |
| 5:16 | Queue | Villager (Male) |
| 5:17 | Queue | Villager (Male) |
| 5:36 | Queue | Fishing Ship |
| 5:39 | Queue | Fishing Ship |
| 5:46 | Queue | Villager (Male) |
| 5:46 | Queue | Villager (Male) |
| 6:10 | Queue | Villager (Male) |
| 6:19 | Research | Loom |
| 6:25 | Build | House |
| 6:48 | Queue | Villager (Male) |
| 6:53 | Build | House |
| 6:55 | Queue | Fishing Ship |
| 7:04 | Queue | Villager (Male) |
| 7:16 | Queue | Villager (Male) |
| 7:26 | Queue | Villager (Male) |
| 7:26 | Queue | Villager (Male) |
| 7:45 | Queue | Villager (Male) |
| 7:58 | Queue | Fishing Ship |
| 8:06 | Build | Mining Camp |
| 8:39 | Research | Feudal Age |
| 9:31 | Queue | Villager (Male) |
| 9:38 | Build | House |
| 9:38 | Queue | Villager (Male) |
| 9:38 | Queue | Villager (Male) |
| 9:44 | Queue | Villager (Male) |
| 9:46 | Queue | Villager (Male) |
| 10:05 | Build | Mining Camp |
| 10:11 | Queue | Villager (Male) |
| 10:17 | Queue | Fishing Ship |
| 10:17 | Queue | Fishing Ship |
| 10:17 | Queue | Fishing Ship |
| 10:20 | Queue | Villager (Male) |
| 10:30 | Queue | Villager (Male) |
| 10:50 | Age | Feudal Age |
| 10:55 | Build | Blacksmith |
| 11:00 | Build | Watch Tower |
| 11:04 | Queue | Villager (Male) |
| 11:09 | Queue | Villager (Male) |
| 11:17 | Queue | Villager (Male) |
| 11:17 | Queue | Villager (Male) |
| 11:24 | Queue | Villager (Male) |
| 11:24 | Queue | Villager (Male) |
| 12:29 | Queue | Villager (Male) |
| 12:36 | Build | Watch Tower |
| 12:36 | Queue | Villager (Male) |
| 12:36 | Queue | Villager (Male) |
| 12:38 | Queue | Villager (Male) |
| 12:38 | Queue | Villager (Male) |
| 12:55 | Build | Dock |
| 13:05 | Queue | Villager (Male) |
| 14:05 | Queue | Villager (Male) |
| 14:09 | Queue | Villager (Male) |
| 14:10 | Queue | Villager (Male) |
| 14:12 | Queue | Villager (Male) |
| 14:13 | Queue | Villager (Male) |
| 14:39 | Build | House |
| 14:39 | Queue | Villager (Male) |
| 14:40 | Queue | Villager (Male) |
| 14:47 | Research | Fletching |
| 15:39 | Queue | Villager (Male) |
| 15:39 | Queue | Villager (Male) |
| 15:45 | Build | Watch Tower |
| 15:53 | Queue | Villager (Male) |
| 16:16 | Queue | Villager (Male) |
| 16:54 | Build | Watch Tower |
| 17:01 | Queue | Villager (Male) |
| 17:01 | Queue | Villager (Male) |
| 18:18 | Build | House |
| 18:19 | Research | Double-Bit Axe |
| 18:26 | Queue | Villager (Male) |
| 18:28 | Queue | Villager (Male) |
| 18:42 | Queue | Villager (Male) |
| 18:44 | Queue | Villager (Male) |
| 19:03 | Queue | Villager (Male) |
| 19:13 | Build | Mining Camp |
| 19:30 | Build | House |
| 19:37 | Queue | Fishing Ship |
| 19:38 | Queue | Fishing Ship |
| 19:54 | Build | Mill |
| 20:02 | Build | House |
| 20:05 | Build | House |
| 20:09 | Build | Lumber Camp |
| 20:09 | Queue | Villager (Male) |
| 20:15 | Build | House |
| 20:21 | Queue | Villager (Male) |
| 20:58 | Build | Market |
| 21:24 | Build | House |
| 22:01 | Build | Watch Tower |
| 22:07 | Build | Farm |
| 22:07 | Build | Farm |
| 22:40 | Research | Castle Age |
| 23:23 | Build | Outpost |
| 23:28 | Build | Outpost |
| 23:59 | Build | Outpost |
| 24:21 | Build | Outpost |
| 24:42 | Build | Outpost |
| 24:51 | Queue | Fishing Ship |
| 24:51 | Queue | Fishing Ship |
| 24:51 | Queue | Fishing Ship |
| 25:20 | Age | Castle Age |
| 25:23 | Build | Siege Workshop |
| 25:29 | Build | Outpost |
| 25:47 | Build | Mining Camp |
| 26:03 | Build | Mining Camp |
| 26:06 | Build | Mining Camp |
| 26:11 | Queue | Villager (Male) |
| 26:19 | Queue | Mangonel |
| 26:20 | Queue | Villager (Male) |
| 26:22 | Queue | Villager (Male) |
| 26:26 | Queue | Villager (Male) |
| 26:37 | Queue | Villager (Male) |
| 26:39 | Build | House |
| 26:41 | Build | House |
| 26:48 | Build | House |
| 27:42 | Build | Palisade Wall |
| 27:45 | Build | Palisade Wall |
| 27:47 | Build | Palisade Wall |
| 27:54 | Build | Palisade Wall |
| 27:55 | Build | Palisade Wall |
| 28:00 | Queue | Villager (Male) |
| 28:00 | Queue | Villager (Male) |
| 28:13 | Build | Barracks |
| 28:14 | Queue | Mangonel |
| 28:19 | Queue | Villager (Male) |
| 28:21 | Queue | Villager (Male) |
Match timeline
| 4:24 | Tlaloke626 · first_building Dock |
| 8:49 | Mašinec · age_up feudal |
| 10:50 | Tlaloke626 · age_up feudal |
| 22:10 | Tlaloke626 · first_market_sell 500 wood |
| 22:38 | Tlaloke626 · first_market_buy 100 food |
| 23:00 | Mašinec · first_building Barracks |
| 25:01 | Mašinec · first_building Stable |
| 25:20 | Tlaloke626 · age_up castle |
| 25:23 | Tlaloke626 · first_building Siege Workshop |
| 26:55 | Mašinec · wall_segment Palisade Wall x1 |
| 27:42 | Tlaloke626 · wall_segment Palisade Wall x2 |
| 27:45 | Tlaloke626 · wall_segment Palisade Wall x1 |
| 27:47 | Tlaloke626 · wall_segment Palisade Wall x1 |
| 27:54 | Tlaloke626 · wall_segment Palisade Wall x1 |
| 27:55 | Tlaloke626 · wall_segment Palisade Wall x1 |
| 28:13 | Tlaloke626 · first_building Barracks |
| 31:01 | Tlaloke626 · wall_segment Palisade Wall x1 |
| 31:05 | Tlaloke626 · wall_segment Palisade Wall x1 |
| 32:55 | Tlaloke626 · resign |
[ AI ANALYSIS · 1 CREDIT ]
What really happened in this match?
Wolo.gg analyzes every decision: build order, eco, micro, common mistakes by bracket. Personalized analysis on WhatsApp or Discord in 30 seconds.
Civ guide
Teutons
Perfil
Jugador #6153106